 Dungeon Crawl Stone Soup version 0.26.1-11-gd32895ea62 (webtiles) character file.

Game seed: 4381719890826365767

610826 Ezendos the Conqueror (level 27, -7/323 HPs)
             Began as an Ogre Brigand on July 20, 2021.
             Was the Champion of Ashenzari.
             Mangled by a green draconian monk (34 damage)
             ... on level 4 of the Realm of Zot on July 21, 2021.
             The game lasted 04:33:09 (115837 turns).

Ezendos the Conqueror (Ogre Brigand)              Turns: 115837, Time: 04:33:09

Health: -7/323     AC: 23    Str: 24    XL:     27
Magic:  27/38      EV: 18    Int: 20    God:    Ashenzari [******]
Gold:   3930       SH:  0    Dex: 13    Spells: 19/49 levels left

rFire    + + +     SeeInvis +   B - +9 giant spiked club (curse)
rCold    + + .     Faith    .   (shield currently unavailable)
rNeg     + . .     Spirit   .   l - +3 fire dragon scales (curse)
rPois    +         Reflect  .   d - +0 mask of the Dragon {Will+ Slay+3 SInv} (curse)
rElec    +         Harm     .   P - +2 cloak {rC+} (curse)
rCorr    .         Rampage  .   (gloves unavailable)
Will     ++++.     Clarity  +   (boots unavailable)
Stlth    ..........             Z - amulet "Ehuecs" {Acrobat rElec rPois rF+} (curse)
HPRegen  0.63/turn              e - +4 ring of slaying
MPRegen  0.26/turn              y - ring "Vaelitaz" {rC++ rN+ Will+ Dex+3 Stlth-} (curse)

@: no status effects
A: large, unfitting armour, screaming 1, tough skin 1
}: 3/15 runes: serpentine, barnacled, slimy
a: Renounce Religion, Curse Item, Scrying, Transfer Knowledge


You were on level 4 of the Realm of Zot.
You worshipped Ashenzari.
Ashenzari was exalted by your worship.
You visited 12 branches of the dungeon, and saw 56 of its levels.
You visited the Abyss 1 time.
You visited 1 bazaar.
You also visited: Sewer and Ice Cave.

You collected 8505 gold pieces.
You spent 4575 gold pieces at shops.

Inventory:

Hand Weapons
 B - a cursed +9 giant spiked club (weapon)
 K - the +6 morningstar of Growth {drain, +Fly Str+4}
   (You bought it in a shop on level 5 of the Dungeon)

   A truly terrible weapon, it drains the life of those it strikes.
   It affects your strength (+4).
   It lets you fly.
 V - the +7 lajatang of Order {silver, rMut}
   (You took it off a deep elf death mage on level 3 of the Elven Halls)

   It protects you from mutation.
Missiles
 A - 16 throwing nets (quivered)
Armour
 d - the cursed +0 mask of the Dragon (worn) {Will+ Slay+3 SInv}
   (You found it on level 5 of the Pits of Slime)

   It affects your accuracy and damage with ranged weapons and melee attacks
   (+3).
   It affects your willpower, your defense against some magical effects.
   It lets you see invisible.
   It has a curse placed upon it.
 l - cursed +3 fire dragon scales (worn)
 F - the +3 crown of Dyrovepreva {rElec Int+2 SInv}
   (You found it in an ice cave)

   It affects your intelligence (+2).
   It insulates you from electricity.
   It lets you see invisible.
 I - a +2 tower shield
 P - a cursed +2 cloak of cold resistance (worn)
Jewellery
 e - a +4 ring of slaying (left hand)
 s - an uncursed ring of resist corrosion
 y - the cursed ring "Vaelitaz" (right hand) {rC++ rN+ Will+ Dex+3 Stlth-}
   (You bought it in a shop on level 2 of the Snake Pit)

   [ring of willpower]

   It affects your dexterity (+3).
   It greatly protects you from cold.
   It protects you from negative energy.
   It affects your willpower, your defense against some magical effects.
   It makes you less stealthy.
   It has a curse placed upon it.
 z - an uncursed ring of positive energy
 C - an uncursed amulet of guardian spirit
 G - an uncursed ring of wizardry
 T - a +4 ring of evasion
 Y - a +6 ring of intelligence
 Z - the cursed amulet "Ehuecs" (around neck) {Acrobat rElec rPois rF+}
   (You found it on level 4 of the Shoals)

   [amulet of the acrobat]

   It helps you evade while moving and waiting.
   It protects you from fire.
   It insulates you from electricity.
   It protects you from poison.
   It has a curse placed upon it.
Wands
 f - a wand of digging (18)
 g - a wand of polymorph (23)
 M - a wand of iceblast (51)
 N - a wand of acid (26)
Scrolls
 c - a scroll of summoning
 h - 9 scrolls of fog
 k - 11 scrolls of teleportation
 m - 2 scrolls of torment
 o - 6 scrolls of fear
 p - 3 scrolls of silence
 r - 30 scrolls of identify
 t - 12 scrolls of immolation
 x - 11 scrolls of magic mapping
 D - 4 scrolls of holy word
 E - 3 scrolls of enchant weapon
 H - 6 scrolls of blinking
 Q - 7 scrolls of remove curse
 X - 3 scrolls of vulnerability
Potions
 a - a potion of heal wounds
 b - 6 potions of haste
 i - 33 potions of curing
 j - a potion of ambrosia
 n - 9 potions of flight
 q - 12 potions of attraction
 u - 10 potions of brilliance
 v - 7 potions of lignification
 w - 6 potions of magic
 J - 2 potions of cancellation
 L - 7 potions of mutation
 O - 10 potions of might
 S - 3 potions of invisibility
 W - 3 potions of resistance
Miscellaneous
 R - a lightning rod (4/4)


   Skills:
 O Level 27 Fighting
 - Level 1.7 Short Blades
 - Level 18.3(23.2) Maces & Flails
 - Level 2.0 Throwing
 - Level 16.1(20.0) Armour
 - Level 16.1(20.0) Dodging
 - Level 3.0 Stealth
 - Level 6.1 Shields
 + Level 11.8 Spellcasting
 - Level 4.1(7.0) Hexes
 + Level 18.1(20.4) Summonings
 - Level 9.1(12.0) Necromancy
 - Level 2.5(5.0) Translocations
 - Level 4.1(7.0) Ice Magic
 - Level 4.1(7.0) Air Magic
 - Level 9.1(12.0) Earth Magic
 - Level 6.9(10.0) Evocations


You had 19 spell levels left.
You knew the following spells:

 Your Spells              Type           Power        Failure   Level
a - Frozen Ramparts       Ice            78%          1%          3
b - Borgnjor's Vile Clut  Necr/Erth      28%          2%          5
c - Summon Lightning Spi  Summ/Air       61%          1%          4
d - Summon Mana Viper     Hex/Summ       61%          1%          5
A - Monstrous Menagerie   Summ           38%          1%          7
B - Animate Dead          Necr           28%          1%          4
E - Blink                 Tloc           N/A          1%          2

Your spell library contained the following spells:

 Spells                   Type           Power        Failure   Level
 Summon Small Mammal      Summ           100%         0%          1
 Call Imp                 Summ           76%          0%          2
 Call Canine Familiar     Summ           76%          0%          3
 Animate Skeleton         Necr           100%         1%          1
 Corona                   Hex            43%          1%          1
 Freeze                   Ice            100%         1%          1
 Pain                     Necr           100%         1%          1
 Corpse Rot               Necr/Air       N/A          1%          2
 Ensorcelled Hibernation  Hex/Ice        78%          1%          2
 Passwall                 Tmut/Erth      30%          1%          2
 Slow                     Hex            39%          1%          2
 Sublimation of Blood     Necr           28%          1%          2
 Confusing Touch          Hex            39%          1%          3
 Ozocubu's Armour         Ice            39%          1%          3
 Summon Guardian Golem    Hex/Summ       61%          1%          3
 Tukima's Dance           Hex            39%          1%          3
 Vampiric Draining        Necr           28%          1%          3
 Summon Ice Beast         Ice/Summ       61%          1%          4
 Shadow Creatures         Summ           N/A          1%          6
 Summon Greater Demon     Summ           38%          1%          7
 Portal Projectile        Hex/Tloc       70%          2%          3
 Leda's Liquefaction      Hex/Erth       24%          2%          4
 Agony                    Necr           56%          2%          5
 Poisonous Vapours        Pois/Air       52%          3%          2
 Cause Fear               Hex            19%          6%          4
 Dazzling Flash           Conj/Hex       52%          7%          3
 Inner Flame              Hex/Fire       26%          7%          3
 Beastly Appendage        Tmut           26%          9%          1
 Magic Dart               Conj           52%          9%          1
 Sting                    Tmut/Pois      52%          9%          1
 Petrify                  Tmut/Erth      36%          9%          4
 Mephitic Cloud           Conj/Pois/Air  22%          11%         3
 Death Channel            Necr           28%          12%         6
 Searing Ray              Conj           26%          14%         2
 Wereblood                Tmut           13%          14%         2
 Summon Horrible Things   Summ           38%          16%         8
 Metabolic Englaciation   Hex/Ice        19%          17%         5
 Silence                  Hex/Air        19%          17%         5
 Fulminant Prism          Conj/Hex       13%          22%         4
 Hailstorm                Conj/Ice       26%          22%         4
 Ice Form                 Ice/Tmut       26%          22%         4
 Conjure Flame            Conj/Fire      13%          26%         3
 Ignite Poison            Fire/Tmut/Pois 13%          26%         3
 Spider Form              Tmut/Pois      6%           26%         3
 Simulacrum               Ice/Necr       24%          32%         6
 Iskenderun's Mystic Bla  Conj/Tloc      22%          34%         4
 Malign Gateway           Summ/Tloc      29%          43%         7
 Lightning Bolt           Conj/Air       13%          54%         5
 Olgreb's Toxic Radiance  Pois           13%          65%         4
 Ozocubu's Refrigeration  Ice            19%          67%         6
 Freezing Cloud           Conj/Ice/Air   15%          92%         6
 Alistair's Intoxication  Tmut/Pois      8%           94%         5
 Blade Hands              Tmut           6%           94%         5
 Irradiate                Conj/Tmut      6%           94%         5
 Infestation              Necr           28%          99%         8
 Eringya's Noxious Bog    Tmut/Pois      6%           100%        6
 Chain Lightning          Conj/Air       13%          100%        8
 Lehudib's Crystal Spear  Conj/Erth      18%          100%        8
 Absolute Zero            Ice            19%          100%        9
 Fire Storm               Conj/Fire      6%           100%        9


Dungeon Overview and Level Annotations

Branches:
Dungeon (15/15)            Temple (1/1) D:6            Lair (6/6) D:8
 Shoals (4/4) Lair:2        Snake (4/4) Lair:4        Slime (5/5) Lair:6
    Orc (2/2) D:11            Elf (3/3) Orc:2        Vaults (4/5) D:13
  Crypt (3/3) Vaults:2       Tomb (0/3) Crypt:3      Depths (5/5) D:15
    Zot (4/5) Depths:5      Sewer (visited)           IceCv (visited)

Altars:
Ashenzari
Cheibriados
Dithmenos
Elyvilon
Fedhas
Gozag
Hepliaklqana
Kikubaaqudgha
Makhleb
Nemelex Xobeh
Okawaru
Qazlal
Ru
Sif Muna
Trog
Uskayaw
Vehumet
Wu Jian
Xom
Yredelemnul
Zin
The Shining One
Beogh
Jiyva

Shops:
D:5 (   D:15 *   Orc:1 =   Orc:2 =?([   Elf:1 :   Shoals:2 ([(   Shoals:4 :
Snake:2 }}=   Depths:1 *?   Depths:5 *}

Portals:
Hell: Depths:1 Depths:2 Depths:3 Depths:4 Depths:5
Abyss: Lair:5 Zot:1 Depths:2 Depths:4
Pandemonium: Depths:3 Depths:5
Ziggurat: Depths:5

Annotations:
Lair:5 2 transporters, Ruewk's ghost, journeyman CeAM
Shoals:1 exclusion: kraken
Snake:2 Roxanne
Slime:5 2 exclusions
Elf:1 Aizul
Depths:5 exclusions: eye of draining, great orb of eyes, sensed monster (detected), shining eye and 2 upstairs
Zot:1 2 transporters, Weot's ghost, legendary GnFi
Zot:2 2 transporters, 3 runed translucent doors, exclusion: 3 doors, Beygeli's ghost, legendary FoMo


Innate Abilities, Weirdness & Mutations

You are too large for most types of armour.
You have tough skin. (AC +1)
You occasionally shout uncontrollably at your foes.


Message History

The green draconian monk kicks you but does no damage.
The green draconian monk tail-slaps you but does no damage.
The green draconian monk tail-slaps you.
* * * LOW HITPOINT WARNING * * *
The moth of wrath bites you but does no damage.
You puncture the green draconian monk!
The green draconian monk is lightly wounded.
The green draconian monk completely misses you.
The green draconian monk kicks you.
* * * LOW HITPOINT WARNING * * *
The green draconian monk tail-slaps you!
* * * LOW HITPOINT WARNING * * *
The green draconian monk misses you.
The moth of wrath completely misses you.
The moth of wrath bites you but does no damage.
You sock the green draconian monk!
The green draconian monk is lightly wounded.
The moth of wrath bites you but does no damage.
The green draconian monk hits you!!
You die...

#..# #...###......# #.. ##..#
#...###......# #.. ##...####
#...#...#...## #.$
#....######...#...#...# ****#..
.....#######**#.......# *,,,#..
..⌠..###...# ##......# **,,,...
.....#.....# #......###*,,,,...
###..#.....#######......#*,,,,,,,
................@q......#*,,,,,,,
.......).......yyy......##**{^,,,
.......).)............⌠..# *,,,,,
###....)##......##...#...# ****,,
##(..#####......##......<# *,,,,
##...#####......###....### *,,,,
##...########...# ###### *,,,,
###..########...###******** ***,,
##...########...####,,**{{* ***


You could see a green draconian monk (berserk) and 3 moths of wrath.

Vanquished Creatures
  Dissolution (Slime:2)
  A juggernaut (Slime:4)
  Sojobo (Depths:4)
  Bai Suzhen (Depths:3)
  Saint Roka (Orc:2)
  8 golden dragons
  A bone dragon (Crypt:3)
  the Enchantress (Depths:4)
  Rupert (D:13)
  9 tentacled monstrosities
  4 liches
  The ghost of YannSP the Tortoise, an adept MiFi of the Shining One (Shoals:3)
  3 deep elf blademasters
  Jorgrun (Orc:1)
  5 quicksilver dragons
  12 acid blobs
  2 deep elf master archers (Elf:3)
  5 death cobs
  A tentacled starspawn (Abyss:2)
  3 ancient champions
  Agnes (D:15)
  Kirke (D:15)
  8 storm dragons
  6 sphinxes
  3 shadow dragons
  4 draconian monks
  3 tengu reavers
  12 azure jellies
  Ilsuiw (Shoals:1)
  A revenant (Crypt:1)
  5 nagarajas
  2 draconian scorchers (Zot:1)
  6 deep elf sorcerers
  An iron dragon (Depths:5)
  8 frost giants
  5 draconian knights
  6 fire giants
  7 vault wardens
  A ghost moth (Zot:4)
  4 curse skulls
  2 draconian annihilators
  3 deep elf elementalists
  12 ghouls
  15 stone giants
  A caustic shrike skeleton (Depths:2)
  4 draconian shifters
  3 spriggan defenders (Depths:4)
  14 ironheart preservers
  4 vampire knights
  5 very ugly things
  9 green draconians
  12 deep elf demonologists
  4 black draconians
  6 white draconians
  7 deep elf annihilators
  2 dire elephants
  A lorocyproca (Depths:3)
  9 red draconians
  9 eidola
  8 yellow draconians
  6 merfolk javelineers
  13 spark wasps
  7 ettins
  6 purple draconians
  A quicksilver dragon zombie (Crypt:3)
  9 merfolk impalers
  7 deep elf death magi
  11 fire dragons
  Josephine (D:15)
  5 death oozes
  5 deep elf high priests (Elf:3)
  10 jiangshi
  A mummy priest (Crypt:3)
  15 ogre magi
  10 great orbs of eyes
  6 ice dragons
  10 hydras
  Fannar (D:11)
  18 naga warriors
  5 vault guards
  7 rakshasas
  7 spriggan air magi
  6 boulder beetles
  9 yaktaur captains
  15 centaur warriors
  An alligator snapping turtle (Shoals:4)
  4 merfolk avatars (Shoals:4)
  7 death knights
  4 merfolk aquamancers
  8 anacondas
  54 two-headed ogres
  21 dancing weapons
  16 deep troll shamans
  A tengu warrior (D:14)
  2 satyrs
  12 naga sharpshooters
  An alligator (shapeshifter) (Vaults:2)
  An orc high priest (Elf:3)
  2 thrashing horrors (Abyss:2)
  A shock serpent (shapeshifter) (Vaults:2)
  2 titan zombies
  13 deep troll earth magi
  4 spriggan berserkers
  5 vampire magi
  3 storm dragon zombies
  A shock serpent (Snake:1)
  13 hell knights
  3 shadow wraiths
  22 deep elf knights
  10 flayed ghosts
  A salamander mystic (Snake:1)
  5 wretched stars (Abyss:2)
  2 iron trolls (Depths:4)
  35 skeletal warriors
  A storm dragon skeleton (Depths:2)
  An anaconda zombie (Crypt:1)
  4 glowing orange brains
  17 sea snakes
  A goliath frog (shapeshifter) (Depths:5)
  4 unseen horrors
  An unseen horror (shapeshifter) (Vaults:1)
  7 wizards
  2 bog bodies
  A lindwurm (Lair:6)
  16 deep elf archers
  14 phantasmal warriors
  43 deep trolls
  A wolf spider zombie (D:15)
  A shadow dragon zombie (Crypt:3)
  9 ironbrand convokers
  11 naga ritualists
  12 orc knights
  3 golden dragon skeletons (Depths:2)
  10 necromancers
  An iron dragon zombie (Crypt:3)
  8 harpies
  50 deep elf magi
  6 mana vipers
  3 shadow dragon skeletons (Depths:2)
  A mana viper (shapeshifter) (Depths:1)
  3 wolf spiders
  2 tengu skeletons (Depths:2)
  10 manticores
  9 orc sorcerers
  5 cyclopes
  13 fauns
  2 fire giant zombies
  14 moths of wrath
  35 ugly things
  9 salamanders
  A moth of wrath (shapeshifter) (Vaults:4)
  A sphinx skeleton (Depths:2)
  Maurice (D:8)
  18 merfolk sirens
  2 stone giant skeletons (Depths:2)
  34 elephants
  7 water nymphs
  A torpor snail (Lair:4)
  A dire elephant zombie (Crypt:3)
  3 molten gargoyles
  30 black mambas
  An ice statue (IceCv)
  An orange demon (Abyss:2)
  3 frost giant skeletons (Depths:2)
  2 guardian serpents
  8 vault sentinels
  3 eyes of devastation
  20 naga magi
  12 cane toads
  2 fire giant skeletons
  A red draconian zombie (Crypt:2)
  3 gargoyles
  2 smoke demons (Depths:3)
  A hellion (Depths:5)
  11 freezing wraiths
  A green draconian zombie (Crypt:1)
  4 kobold demonologists
  A pale draconian zombie (Crypt:1)
  A yaktaur (shapeshifter) (Depths:1)
  42 yaktaurs
  11 komodo dragons
  A hellwing (Depths:3)
  7 rime drakes
  A guardian mummy (Crypt:3)
  An ice devil (Depths:3)
  An efreet (D:15)
  2 ancient zymes (Abyss:2)
  11 trolls
  2 jumping spiders (Crypt:3)
  2 jumping spiders (shapeshifter)
  33 merfolk
  2 tengu conjurers (Depths:2)
  26 polar bears
  2 wind drakes (Shoals:4)
  A raiju (Abyss:2)
  A harpy zombie (D:15)
  A fire dragon zombie (Crypt:3)
  A sphinx simulacrum (Depths:1)
  9 hornets
  A polar bear (shapeshifter) (Vaults:1)
  79 slime creatures
  A raiju (shapeshifter) (D:13)
  An iron dragon simulacrum (Crypt:1)
  2 guardian serpent zombies
  A meliai zombie (D:12)
  7 snapping turtles
  A centaur simulacrum (D:13)
  12 dream sheep
  A fire giant simulacrum (Vaults:2)
  12 blink frogs
  3 spriggans
  21 flying skulls
  12 starcursed masses (Abyss:2)
  3 redbacks (Crypt:3)
  A wind drake zombie (Crypt:1)
  A ynoxinul (Abyss:2)
  5 air elementals
  16 wraiths
  An ettin skeleton (Depths:2)
  38 yaks
  16 humans
  6 spriggan skeletons
  11 water elementals
  A tarantella (shapeshifter) (Depths:4)
  4 wyverns
  4 basilisks
  A black mamba skeleton (Crypt:1)
  3 large abominations (Abyss:2)
  4 hogs (D:15)
  2 golden eyes
  2 steam dragons
  7 vampire mosquitoes
  An elf simulacrum (Depths:4)
  A naga (shapeshifter) (Depths:5)
  A merfolk zombie (Crypt:2)
  42 nagas
  3 acid dragons
  A warg (shapeshifter) (Vaults:3)
  9 wargs
  A soldier ant (D:13)
  10 water moccasins
  7 hell hounds
  3 black bears
  3 eyes of draining
  A swamp drake (D:6)
  A snapping turtle zombie (Crypt:3)
  5 ice beasts
  53 orc warriors
  8 phantoms
  2 sky beasts
  11 necrophages
  44 ogres
  29 centaurs
  35 wolves
  An elephant skeleton (Crypt:2)
  8 small abominations (Abyss:2)
  A dream sheep skeleton (Crypt:1)
  A big kobold (shapeshifter) (Vaults:2)
  7 big kobolds
  24 bullfrogs
  3 gnoll sergeants (D:11)
  An earth elemental (Elf:1)
  A glowing shapeshifter simulacrum (Vaults:3)
  A komodo dragon skeleton (Crypt:1)
  9 wyvern skeletons (Crypt:3)
  A cyclops zombie (Crypt:2)
  A troll zombie (Crypt:1)
  3 scorpions
  7 killer bees (D:10)
  A raiju zombie (Crypt:2)
  3 wights (D:11)
  5 electric eels
  3 howler monkeys
  8 hounds
  5 lava snakes (Lair:6)
  7 centaur zombies
  An iron imp (Abyss:2)
  7 jellies
  24 orc priests
  2 bullfrog skeletons
  2 bullfrog zombies
  9 centaur skeletons
  30 orc wizards
  3 iguanas
  A human skeleton (Crypt:1)
  6 worker ants
  A naga zombie (Crypt:1)
  An acid dragon zombie (Crypt:1)
  4 nameless horrors
  A howler monkey zombie (D:10)
  A mummy (Crypt:3)
  19 adders
  5 gnolls
  A shadow imp (D:5)
  5 white imps
  3 ufetubi
  2 worms (D:3)
  3 dart slugs
  5 leopard geckos
  120 orcs
  5 ball pythons
  6 giant cockroaches
  6 goblins
  8 hobgoblins
  10 jackals
  20 kobolds
  2 quokkas
  4 bats
  9 frilled lizards
  A kobold zombie (Crypt:2)
  2 quokka skeletons
  9 rats
  A butterfly (Lair:5)
  5 withered plants (Crypt:3)
2381 creatures vanquished.

Vanquished Creatures (collateral kills)
  Margery (Crypt:1)
  2 golden dragons
  A profane servitor (Crypt:3)
  3 tentacled monstrosities
  A deep elf blademaster (Elf:3)
  A titan (Depths:4)
  10 acid blobs
  A quicksilver dragon (Zot:1)
  An ancient champion (Crypt:1)
  2 tengu reavers (Depths:4)
  2 storm dragons
  A shadow dragon (Zot:2)
  An azure jelly (Slime:3)
  A fire giant (Depths:4)
  3 frost giants
  A vault warden (Vaults:4)
  2 deep elf sorcerers
  A draconian knight (Zot:1)
  A draconian scorcher (Zot:2)
  A draconian shifter (Zot:3)
  Louise (Depths:4)
  A spriggan defender (Depths:4)
  A ghoul (Crypt:2)
  An ironheart preserver (Vaults:2)
  2 draconian annihilators
  2 stone giants
  A green draconian (Depths:5)
  A deep elf annihilator (Elf:3)
  Azrael (Elf:2)
  4 white draconians
  2 purple draconians
  2 yellow draconians
  An eidolon (Crypt:3)
  An ettin (Depths:3)
  2 deep elf death magi (Elf:3)
  A death ooze (Slime:3)
  A great orb of eyes (Slime:5)
  3 fire dragons
  2 deep elf high priests (Elf:3)
  2 yaktaur captains (Depths:4)
  2 ogre magi
  A rakshasa (Depths:3)
  An ice dragon (Depths:4)
  A death knight (Crypt:2)
  5 two-headed ogres
  2 deep troll earth magi
  2 dancing weapons (Elf:2)
  A vampire mage (Crypt:1)
  A deep troll shaman (Depths:1)
  A hell knight (Crypt:1)
  3 deep elf knights
  An iron troll (Depths:5)
  A small abomination (Elf:3)
  A titan skeleton (Depths:4)
  6 skeletal warriors (Crypt:3)
  8 deep trolls
  3 deep elf archers
  3 phantasmal warriors
  2 necromancers
  7 deep elf magi
  A wolf spider (Crypt:3)
  A shining eye (Slime:1)
  2 ugly things (Vaults:2)
  2 yaktaurs
  2 freezing wraiths (Crypt:2)
  A hellwing (Depths:5)
  A red devil (Depths:5)
  2 jumping spiders (Crypt:3)
  19 slime creatures
  An elf zombie (Depths:4)
  2 nameless horrors
  2 golden eyes (Slime:3)
  A fire elemental (Elf:2)
  A hell hound (Elf:2)
  An orc warrior (Elf:3)
  5 necrophages (Crypt:3)
  An earth elemental (Elf:2)
  An electric eel (Elf:3)
  A mummy (Crypt:3)
  An orc (Elf:3)
169 creatures vanquished.

Vanquished Creatures (others)
  A ghost moth (Zot:1)
  A deep elf elementalist (Elf:3)
  A deep elf demonologist (Elf:3)
  A tengu warrior (Depths:4)
  A vampire mage (Depths:3)
  A deep elf knight (Elf:2)
  2 deep elf magi
  A human (D:15)
  A chaos spawn (Abyss:2)
  An ice beast (D:8)
  A wolf (Lair:6)
  A small abomination (Abyss:2)
  2 ogres
  2 orcs
  A bush (Lair:6)
  119 fungi
  A lurking horror (Abyss:2)
  215 plants
  2 starspawn tentacles (Abyss:2)
  15 withered plants
370 creatures vanquished.

Grand Total: 2920 creatures vanquished

Notes
Turn   | Place    | Note
-------+----------+-------------------------------------------
     0 | D:1      | Ezendos the Ogre Brigand began the quest for the Orb.
     0 | D:1      | Reached XP level 1. HP: 22/22 MP: 1/1
    41 | D:1      | Reached skill level 3 in Fighting
   114 | D:1      | Reached XP level 2. HP: 27/31 MP: 2/2
   235 | D:1      | Reached skill level 4 in Fighting
   707 | D:2      | Reached XP level 3. HP: 36/40 MP: 3/3
   778 | D:1      | Reached skill level 5 in Fighting
  1080 | D:2      | Found a broken altar of Ashenzari.
  1185 | D:2      | Became a worshipper of Ashenzari the Shackled
  1406 | D:2      | Reached XP level 4. HP: 50/50 MP: 4/4
  1508 | D:2      | Found a faded altar of an unknown god.
  1865 | D:3      | Reached skill level 6 in Fighting
  2427 | D:3      | Reached XP level 5. HP: 56/61 MP: 5/5
  2494 | D:3      | Found a shadowy altar of Dithmenos.
  2664 | D:3      | Reached skill level 7 in Fighting
  3164 | D:4      | Noticed a phantom
  3229 | D:4      | Killed a phantom
  3230 | D:4      | Reached skill level 8 in Fighting
  3230 | D:4      | Reached XP level 6. HP: 44/72 MP: 6/6
  3918 | D:4      | Reached * piety under Ashenzari
  4180 | D:5      | Entered Level 5 of the Dungeon
  4180 | D:5      | Noticed an ice beast
  4215 | D:5      | Found a glowing drain.
  4239 | D:5      | Reached skill level 9 in Fighting
  4247 | Sewer    | Entered a sewer
  5188 | D:5      | Reached XP level 7. HP: 82/83 MP: 7/7
  5227 | D:5      | Found a sparkling altar of Nemelex Xobeh.
  5227 | D:5      | Found a radiant altar of Vehumet.
  5721 | D:5      | Reached skill level 10 in Fighting
  6043 | D:5      | Reached skill level 11 in Fighting
  6206 | D:5      | Found Vufoiles's Antique Weapon Shoppe.
  6228 | D:5      | Reached XP level 8. HP: 78/97 MP: 8/8
  6960 | D:5      | Reached skill level 1 in Dodging
  7072 | D:5      | Found an iron altar of Okawaru.
  7319 | D:6      | Got the dagger "Urikk" {chaos, Str+4 Int+2}
  7320 | D:6      | Identified the +4 dagger "Urikk" {chaos, Str+4 Int+2} (You
                  | found it on level 6 of the Dungeon)
  7341 | D:6      | Reached skill level 12 in Fighting
  7341 | D:6      | Reached skill level 1 in Armour
  7366 | D:6      | Found a staircase to the Ecumenical Temple.
  7380 | Temple   | Entered the Ecumenical Temple
  7469 | D:6      | Reached skill level 1 in Maces & Flails
  8593 | D:6      | Reached XP level 9. HP: 106/106 MP: 9/9
  8604 | D:6      | Found a hazy altar of Hepliaklqana.
  9288 | D:7      | Learned a level 1 spell: Beastly Appendage
 10753 | D:8      | Found a hide-covered altar of Uskayaw.
 10756 | D:8      | Noticed a +0 dagger
 10756 | D:8      | Noticed a +0 hand axe
 10776 | D:8      | Noticed a two-headed ogre
 10806 | D:8      | Reached ** piety under Ashenzari
 10921 | D:8      | Reached skill level 5 in Dodging
 11016 | D:8      | Found a staircase to the Lair.
 11017 | D:8      | Noticed a komodo dragon
 11111 | D:8      | Killed a komodo dragon
 11112 | D:8      | Reached skill level 13 in Fighting
 11331 | D:8      | Noticed Maurice
 11447 | D:8      | Found a broken altar of Ashenzari.
 12350 | D:5      | Bought a bone morningstar for 297 gold pieces
 12353 | D:5      | Identified the +6 morningstar of Growth {drain, +Fly Str+4}
                  | (You bought it in a shop on level 5 of the Dungeon)
 13177 | D:9      | Reached *** piety under Ashenzari
 13246 | D:9      | Found a snail-covered altar of Cheibriados.
 13353 | D:9      | Reached XP level 10. HP: 119/119 MP: 10/10
 13634 | D:10     | Entered Level 10 of the Dungeon
 13761 | D:10     | Reached skill level 5 in Maces & Flails
 14336 | D:10     | Found an opulent altar of Gozag.
 15016 | D:10     | Noticed a two-headed ogre
 15035 | D:10     | Killed a two-headed ogre
 15239 | D:10     | Reached **** piety under Ashenzari
 15544 | D:11     | Noticed an unseen horror
 15549 | D:11     | Killed an unseen horror
 15550 | D:11     | Reached skill level 14 in Fighting
 15622 | D:11     | Noticed a two-headed ogre
 15625 | D:11     | Noticed a yaktaur captain
 15629 | D:11     | Noticed a green ugly thing
 15631 | D:11     | Reached XP level 11. HP: 130/130 MP: 7/11
 15631 | D:11     | Noticed a boulder beetle
 15894 | D:11     | Reached skill level 5 in Armour
 16343 | D:11     | Found a staircase to the Orcish Mines.
 16640 | D:11     | Reached skill level 1 in Shields
 16992 | D:11     | Noticed Fannar
 17014 | D:11     | Killed Fannar
 17594 | D:11     | Killed a two-headed ogre
 18164 | Lair:1   | Entered Level 1 of the Lair of Beasts
 18257 | Lair:1   | Reached skill level 15 in Fighting
 18265 | Lair:1   | Got the uncursed robe of Disguise {+Fly Regen+}
 18282 | Lair:1   | Identified the +0 robe of Disguise {+Fly Regen+} (You found
                  | it on level 1 of the Lair of Beasts)
 18407 | Lair:1   | Reached XP level 12. HP: 123/141 MP: 10/12
 19063 | Lair:2   | Reached ***** piety under Ashenzari
 19093 | Lair:2   | Noticed a six-headed hydra
 19107 | Lair:2   | Killed a six-headed hydra
 19108 | Lair:2   | Reached skill level 10 in Maces & Flails
 19250 | Lair:2   | Noticed a boulder beetle
 19255 | Lair:2   | Found a frozen archway.
 19271 | IceCv    | Entered an ice cave
 19454 | IceCv    | Reached skill level 5 in Shields
 19941 | IceCv    | Reached skill level 16 in Fighting
 20092 | IceCv    | Noticed a frost giant
 20122 | IceCv    | Killed a frost giant
 20123 | IceCv    | Reached XP level 13. HP: 124/153 MP: 9/13
 20189 | IceCv    | Found the +3 crown of Dyrovepreva {rElec Int+2 SInv}
 20711 | Lair:2   | Found a staircase to the Shoals.
 23052 | Lair:3   | Reached skill level 17 in Fighting
 23657 | Lair:4   | Noticed a dire elephant
 24149 | Lair:4   | Reached XP level 14. HP: 166/166 MP: 14/14
 24595 | Lair:4   | Found a staircase to the Snake Pit.
 24852 | Lair:4   | Found a runed translucent door.
 25391 | Lair:5   | Found a transporter.
 25391 | Lair:5   | Identified the +12 spear of Mourning {distort, Str+3 Dex+2}
 25403 | Lair:5   | Found a transporter.
 25411 | Lair:5   | Found a one-way gate to the infinite horrors of the Abyss.
 25411 | Lair:5   | Noticed Ruewk's ghost (journeyman CeAM)
 25437 | Lair:5   | Reached skill level 18 in Fighting
 25665 | Lair:5   | Reached ****** piety under Ashenzari
 25756 | Lair:6   | Entered Level 6 of the Lair of Beasts
 25797 | Lair:6   | Found a staircase to the Slime Pits.
 25797 | Lair:6   | Found a viscous altar of Jiyva.
 26331 | Lair:2   | Killed a dire elephant
 26488 | Orc:1    | Entered Level 1 of the Orcish Mines
 26488 | Orc:1    | Found Duwkif's Jewellery Emporium.
 26586 | Orc:1    | Found a bloodstained altar of Trog.
 26924 | Orc:2    | Entered Level 2 of the Orcish Mines
 27039 | Orc:2    | Found a roughly hewn altar of Beogh.
 27039 | Orc:2    | Found Ergheo Nuse's Antique Armour Shop.
 27039 | Orc:2    | Found Mogepug's Antique Weapon Boutique.
 27039 | Orc:2    | Noticed Saint Roka
 27097 | Orc:2    | Found a roughly hewn altar of Beogh.
 27279 | Orc:2    | Found a roughly hewn altar of Beogh.
 27383 | Orc:2    | Paralysed by an orc sorcerer for 2 turns
 27414 | Orc:1    | Noticed Jorgrun
 27430 | Orc:1    | Killed Jorgrun
 27856 | Orc:2    | Found a roughly hewn altar of Beogh.
 27949 | Orc:2    | Found a staircase to the Elven Halls.
 28022 | Orc:2    | Found a roughly hewn altar of Beogh.
 28029 | Orc:2    | Found Wiophod's Jewellery Boutique.
 28052 | Orc:2    | Bought an uncursed ring of willpower for 350 gold pieces
 28090 | Orc:2    | Found a roughly hewn altar of Beogh.
 28109 | Orc:2    | Found Pifuapi's Magic Scroll Boutique.
 28130 | Orc:2    | Bought a scroll of noise for 12 gold pieces
 28130 | Orc:2    | Bought a scroll of holy word for 90 gold pieces
 28192 | Orc:2    | Reached skill level 10 in Shields
 28261 | Orc:1    | Reached XP level 15. HP: 146/179 MP: 13/15
 29244 | D:11     | Reached skill level 19 in Fighting
 30204 | D:13     | Found a gate to the Vaults.
 30204 | D:13     | Noticed Rupert
 30434 | D:13     | Learned a level 4 spell: Animate Dead
 32842 | D:14     | Identified the +8 arbalest "Gues" {freeze, Will+++ Dex+8
                  | Stlth-}
 32985 | D:14     | Found a shimmering blue altar of Sif Muna.
 33174 | D:15     | Entered Level 15 of the Dungeon
 33174 | D:15     | Noticed Josephine
 33176 | D:15     | Noticed a ghoul
 33571 | D:15     | Noticed a ghoul
 33594 | D:15     | Killed a ghoul
 33863 | D:15     | Noticed Kirke
 33904 | D:15     | Noticed Agnes
 33919 | D:15     | Killed Agnes
 33920 | D:15     | Reached skill level 20 in Fighting
 34039 | D:15     | Killed Kirke
 34040 | D:15     | Reached XP level 16. HP: 185/192 MP: 16/16
 34149 | D:15     | Found Mytub's Demolitions Depot.
 34835 | D:15     | Found a shadowy altar of Dithmenos.
 35656 | D:15     | Killed Josephine
 35824 | D:15     | Found a staircase to the Depths.
 38543 | Lair:6   | Reached skill level 15 in Maces & Flails
 38690 | Lair:6   | Found a large runed translucent door.
 38691 | Lair:6   | Found a large runed translucent door.
 39347 | D:8      | Killed Maurice
 39883 | Orc:2    | Killed Saint Roka
 40465 | Snake:1  | Entered Level 1 of the Snake Pit
 40681 | Snake:1  | Reached skill level 21 in Fighting
 40767 | Lair:4   | Reached XP level 17. HP: 171/205 MP: 15/17
 42793 | Snake:2  | Identified Roxanne's Handbook of Shape Shifting
 42793 | Snake:2  | Noticed Roxanne
 43556 | Snake:2  | Found Fiehiet's Gadget Shoppe.
 43560 | Snake:2  | Found Zexagauv's Jewellery Shop.
 43561 | Snake:2  | Found Xeajug's Gadget Shoppe.
 43569 | Snake:2  | Bought the macabre finger necklace {rN+} for 560 gold
                  | pieces
 43569 | Snake:2  | Found the macabre finger necklace {rN+}
 44179 | Shoals:1 | Entered Level 1 of the Shoals
 45268 | Shoals:1 | Reached skill level 10 in Dodging
 45547 | Shoals:1 | Noticed a kraken
 45783 | Shoals:2 | Found Sioceaju's Antique Weapon Boutique.
 45783 | Shoals:2 | Noticed Ilsuiw
 45792 | Shoals:1 | Killed Ilsuiw
 45990 | Shoals:2 | Found Huwifui's Antique Weapon Shop.
 46011 | Shoals:2 | Found Eneuggae's Antique Armour Shop.
 46291 | Shoals:2 | Bought a crystal great mace for 310 gold pieces
 46291 | Shoals:2 | Identified the +5 great mace "Soulu" {vorpal, *Corrode
                  | +Rage rC- Dex+3} (You bought it in a shop on level 2 of the
                  | Shoals)
 46648 | Shoals:2 | Reached skill level 1 in Necromancy
 48708 | Shoals:3 | Reached skill level 22 in Fighting
 48946 | Shoals:2 | Reached XP level 18. HP: 208/218 MP: 18/18
 50132 | Snake:3  | Reached skill level 1 in Spellcasting
 51676 | Snake:4  | Entered Level 4 of the Snake Pit
 52815 | Snake:4  | Reached skill level 5 in Spellcasting
 53173 | Shoals:4 | Entered Level 4 of the Shoals
 53372 | Shoals:4 | Found Duloanem's Book Emporium.
 53926 | Shoals:4 | Identified Sif Muna's Disquisition on Moulding
 54381 | Shoals:4 | Learned a level 4 spell: Summon Lightning Spire
 54438 | Shoals:4 | Found a runed translucent door.
 54444 | Shoals:4 | Identified the amulet "Ehuecs" {Acrobat rElec rPois rF+}
 54445 | Shoals:4 | Noticed YannSP's ghost (adept MiFi)
 54643 | Shoals:4 | Reached skill level 1 in Air Magic
 54652 | Shoals:4 | Reached skill level 1 in Summonings
 55014 | Shoals:3 | Killed YannSP's ghost
 55785 | Shoals:4 | Reached XP level 19. HP: 202/228 MP: 29/29
 56101 | Shoals:4 | Got a barnacled rune of Zot
 57405 | Snake:4  | Got a serpentine rune of Zot
 57788 | Vaults:1 | Entered Level 1 of the Vaults
 57910 | D:13     | Found a gate to the Vaults.
 58514 | D:13     | Killed Rupert
 58776 | Elf:1    | Entered Level 1 of the Elven Halls
 59581 | Elf:1    | Identified the Catalogue of Creative Attacks
 59605 | Elf:1    | Learned a level 3 spell: Frozen Ramparts
 59608 | Elf:1    | Learned a level 2 spell: Blink
 59614 | Elf:1    | Learned a level 5 spell: Summon Mana Viper
 59832 | Elf:1    | Noticed Aizul
 60417 | Vaults:1 | Reached skill level 1 in Ice Magic
 60449 | Vaults:1 | Reached skill level 1 in Hexes
 60449 | Vaults:1 | Reached skill level 1 in Translocations
 60927 | Vaults:1 | Reached XP level 20. HP: 214/239 MP: 32/32
 61008 | Vaults:1 | Reached skill level 23 in Fighting
 61157 | Vaults:1 | Noticed a Brimstone Fiend
 64311 | Vaults:1 | Identified the +7 chain mail of the Bard {Stlth+}
 65310 | Vaults:2 | Identified the +1 ring mail "Vaclu" {+Inv Will+ Dex-3}
 65424 | Vaults:2 | Found a basalt altar of Yredelemnul.
 65429 | Vaults:2 | Found a staircase to the Crypt.
 65430 | Vaults:2 | Found an ancient bone altar of Kikubaaqudgha.
 65537 | Vaults:2 | Reached XP level 21. HP: 102/250 MP: 34/34
 66179 | Vaults:3 | Found a flickering gateway to a bazaar.
 66188 | Bazaar   | Entered a bazaar
 66192 | Bazaar   | Found Kocatyir's Gadget Boutique.
 66214 | Bazaar   | Found Feppahai's Magic Scroll Emporium.
 66235 | Bazaar   | Found Ceoh's Distillery.
 66255 | Bazaar   | Found Xiqei's Antique Armour Shoppe.
 66313 | Bazaar   | Bought runed fire dragon scales for 1197 gold pieces
 66344 | Bazaar   | Bought a scroll of blinking for 82 gold pieces
 66344 | Bazaar   | Bought a scroll of enchant weapon for 82 gold pieces
 66359 | Bazaar   | Bought a potion of haste for 90 gold pieces
 66359 | Bazaar   | Bought a potion of heal wounds for 45 gold pieces
 66359 | Bazaar   | Bought a potion of cancellation for 72 gold pieces
 66893 | Vaults:2 | Reached skill level 10 in Spellcasting
 68408 | Vaults:4 | Reached skill level 10 in Armour
 68897 | Vaults:4 | Paralysed by a sphinx for 4 turns
 69023 | Vaults:3 | Cast into level 2 of the Abyss (a deep elf demonologist)
 69204 | Abyss:2  | Paralysed by accursed screaming for 1 turns
 69423 | Abyss:2  | Paralysed by accursed screaming for 1 turns
 69434 | Abyss:2  | Paralysed by accursed screaming for 1 turns
 70071 | Vaults:3 | Escaped the Abyss
 70288 | Vaults:4 | Gained mutation: You occasionally shout uncontrollably at
                  | your foes. [a neqoxec]
 70380 | Vaults:3 | Reached skill level 24 in Fighting
 71370 | Depths:1 | Entered Level 1 of the Depths
 71370 | Depths:1 | Found Hukuch's Magic Scroll Boutique.
 71535 | Depths:1 | Reached XP level 22. HP: 248/262 MP: 36/36
 71577 | Depths:1 | Found a gateway to Hell.
 71997 | Depths:1 | Identified the cursed +1 leather armour of Hedonism {rPois
                  | rN+}
 72289 | Depths:1 | Noticed a golden dragon
 72380 | Depths:1 | Killed a golden dragon
 73052 | Depths:1 | Identified the +5 hand axe "Plog" {elec, Int+3}
 73488 | Depths:1 | Reached skill level 5 in Summonings
 73717 | Depths:1 | Found Wichat's Elemental Accessories.
 74557 | Depths:2 | Reached skill level 5 in Necromancy
 75152 | Depths:2 | Reached skill level 1 in Evocations
 75863 | Depths:2 | Reached XP level 23. HP: 231/274 MP: 37/37
 77050 | Depths:3 | Found a one-way gate leading to the halls of Pandemonium.
 78145 | Depths:3 | Reached skill level 25 in Fighting
 78772 | Depths:3 | Reached skill level 5 in Evocations
 78984 | Depths:3 | Identified the cursed +1 hand axe of Gallantry {freeze,
                  | +Fly}
 79169 | Depths:3 | Noticed Bai Suzhen
 79210 | Depths:3 | Killed Bai Suzhen
 79680 | Depths:4 | Noticed the Enchantress
 79706 | Depths:4 | Killed the Enchantress
 80593 | Depths:4 | Learned a level 5 spell: Borgnjor's Vile Clutch
 80601 | Depths:4 | Learned a level 7 spell: Monstrous Menagerie
 80743 | Depths:4 | Noticed Louise
 80876 | Depths:4 | Reached skill level 1 in Earth Magic
 81029 | Depths:4 | Killed Louise
 81244 | Depths:4 | Reached XP level 24. HP: 265/287 MP: 37/37
 81654 | Depths:4 | Noticed Sojobo
 81675 | Depths:4 | Killed Sojobo
 82099 | Depths:5 | Entered Level 5 of the Depths
 83175 | Depths:5 | Found a gate to the Realm of Zot.
 83233 | Depths:4 | HP: 1/283 [acid (18)]
 83666 | Depths:5 | Reached skill level 5 in Earth Magic
 84044 | Depths:5 | Found Zefefeips's Changing Room.
 84061 | Depths:5 | Bought a potion of mutation for 168 gold pieces
 84249 | Depths:5 | Found a gateway to a ziggurat.
 85108 | Depths:5 | Found Plog's Gadget Shoppe.
 85396 | Depths:4 | Reached skill level 10 in Summonings
 87512 | Orc:1    | Bought an uncursed ring of resist corrosion for 220 gold
                  | pieces
 87739 | Slime:1  | Entered Level 1 of the Pits of Slime
 88471 | Slime:4  | Noticed Dissolution
 89152 | Slime:2  | Killed Dissolution
 89153 | Slime:2  | Reached XP level 25. HP: 209/296 MP: 24/37
 89306 | Slime:5  | Entered Level 5 of the Pits of Slime
 90259 | Snake:2  | Bought the ring "Vaelitaz" {rC++ rN+ Will+ Dex+3 Stlth-}
                  | for 820 gold pieces
 90628 | Orc:2    | Bought a scroll of remove curse for 36 gold pieces
 90810 | Depths:1 | Bought a scroll of remove curse for 48 gold pieces
 90810 | Depths:1 | Bought a scroll of remove curse for 48 gold pieces
 90810 | Depths:1 | Bought a scroll of remove curse for 48 gold pieces
 91278 | Slime:5  | Found the +8 autumn katana {vorpal, Clar}
 91278 | Slime:5  | Found a viscous altar of Jiyva.
 91278 | Slime:5  | Noticed the Royal Jelly
 91295 | Slime:5  | Noticed a juggernaut shaped Royal Jelly
 91295 | Slime:5  | the Royal Jelly changed into a juggernaut shaped Royal
                  | Jelly
 91317 | Slime:4  | Killed a juggernaut shaped Royal Jelly
 93095 | Slime:5  | Identified the cursed +0 robe of Incorporation {*Drain
                  | rPois Dex+6}
 93095 | Slime:5  | Identified the cursed +1 battleaxe "Gaatiut" {vorpal, rPois
                  | Will+}
 93095 | Slime:5  | Identified the +2 hand axe "Myeboz" {antimagic, rF+ Int+3
                  | Stlth+}
 93371 | Slime:5  | Found the +0 mask of the Dragon {Will+ Slay+3 SInv}
 93445 | Slime:5  | Got a slimy rune of Zot
 94683 | Elf:1    | Found Xusk's One-of-a-Kind Books.
 95111 | Elf:2    | Found a shimmering blue altar of Sif Muna.
 95485 | Elf:2    | Found a huge runed translucent gate.
 95485 | Elf:2    | Found a huge runed translucent gate.
 95485 | Elf:2    | Found a huge runed translucent gate.
 95485 | Elf:2    | Found a huge runed translucent gate.
 95485 | Elf:2    | Found a huge runed translucent gate.
 95585 | Elf:2    | Reached skill level 15 in Summonings
 96222 | Elf:2    | Noticed Azrael
 96242 | Elf:2    | Killed Azrael
 96639 | Elf:3    | Entered Level 3 of the Elven Halls
 97374 | Elf:3    | Identified the +10 morningstar of a sewer {holy, rPois rF-
                  | Str+4 Int+2}
 98645 | Elf:3    | Identified the +1 falchion of True Grit {vorpal, *Rage
                  | rElec Int+5}
 98645 | Elf:3    | Identified the ring "Vaanlir" {*Corrode rC++ rN+++ Dex+6}
 99221 | Elf:3    | Reached XP level 26. HP: 289/307 MP: 22/37
 99393 | Elf:3    | Identified the +7 rapier "Jumut" {vorpal, rPois Will+
                  | Str+3}
 99504 | Elf:3    | Identified a scroll of acquirement
 99506 | Elf:3    | Acquired 1162 gold pieces
101281 | Zot:1    | Entered Level 1 of the Realm of Zot
102977 | Zot:1    | Noticed a Killer Klown
102991 | Zot:1    | Identified the +3 demon trident "Gagem" {distort, Int+6}
102996 | Zot:1    | Found a transporter.
103003 | Zot:1    | Noticed Weot's ghost (legendary GnFi)
103016 | Zot:1    | Noticed a Killer Klown
103088 | Zot:1    | Found a transporter.
103199 | Zot:1    | Reached skill level 26 in Fighting
104573 | Zot:2    | Identified the +6 glaive of Floods {vorpal, Dex+4}
104679 | Zot:2    | Found a transporter.
104688 | Zot:2    | Identified the amulet of Xaiqolong {Spirit Int+4}
104688 | Zot:2    | Identified the ring "Cuemnac" {rC+ rN+ Will+ Int+4 Dex-5}
104688 | Zot:2    | Identified the ring "Ufipp" {+Blink MP+9 Int+3}
104878 | Zot:2    | Found a transporter.
105029 | Zot:2    | Found a runed translucent gate.
105029 | Zot:2    | Found a runed translucent gate.
105030 | Zot:2    | Found an ancient bone altar of Kikubaaqudgha.
105030 | Zot:2    | Found a runed translucent gate.
105030 | Zot:2    | Noticed an ancient lich
105031 | Zot:2    | Noticed an ancient lich
105031 | Zot:2    | Noticed Beygeli's ghost (legendary FoMo)
105032 | Zot:2    | Identified the ring "Xerum" {rPois Will+ Int+9 Dex-3
                  | Stlth-}
105032 | Zot:2    | Noticed an ancient lich
105033 | Zot:2    | Noticed an ancient lich
105581 | Zot:3    | Identified the Handbook of Toxins
106352 | Crypt:1  | Entered Level 1 of the Crypt
106495 | Crypt:1  | Noticed Margery
106504 | Crypt:1  | Killed Margery
106505 | Crypt:1  | Reduced skill Shields to level 10
106544 | Crypt:1  | Reached XP level 27. HP: 274/319 MP: 13/37
108210 | Crypt:2  | Identified the +1 trident of Infinite Pain {drain, rN+}
108294 | Crypt:2  | Identified the +1 robe of the Harp {Will++ Str-4 Dex+3
                  | SInv}
108542 | Crypt:2  | Reached skill level 15 in Armour
109374 | Crypt:3  | Entered Level 3 of the Crypt
109511 | Crypt:3  | Reached skill level 27 in Fighting
109512 | Crypt:3  | Reached skill level 15 in Dodging
110792 | Crypt:3  | Found a staircase to the Tomb.
111020 | Crypt:3  | Identified the +4 ring mail of Action {+Fly Int-4 SInv}
111198 | Crypt:3  | Found a basalt altar of Yredelemnul.
111793 | Crypt:3  | Identified Ziare's Incunabulum of Stolen Souls
112929 | Crypt:3  | Identified the cursed +2 hand axe of Patience {vorpal,
                  | Fragile rElec rPois rN++}
115837 | Zot:4    | Mangled by a green draconian monk

Illustrated notes

Levels and vault maps discovered:
D:1:      ncdulo_wetmaze, layout_rooms
D:2:      layout_loops_ring, nicolae_overflow_hidden_temple,
          chequers_ecumenical_altar_lobes, ashenzari_altar_1
D:3:      layout_loops_corners, lemuel_round_altar, minivault_27
D:4:      layout_rooms, minmay_stone_trees_small
D:5:      layout_cave_pods, gammafunk_temple_overflow_pools,
          gup_sewer_entry_glass, serial_shops, kennysheep_mini, st_stairs_2,
          roderic_roman_lattice, serial_bayou_ford_a, minmay_ruined_shrine
D:6:      layout_loops_ring, nzn_hepliaklqana_mist_gate,
          minmay_temple_entry_sparse_star, serial_rivers,
          chequers_serial_rivers_room_a, chequers_serial_rivers_large_a,
          chequers_serial_rivers_large_b, chequers_serial_rivers_micro_c,
          chequers_serial_rivers_micro_b, chequers_serial_rivers_room_b
D:7:      minmay_clustersquares, layout_basic, serial_bayou_pond_d
D:8:      layout_loops_ring, dancing_weapons_uskayaw, david_lair_shrubbed,
          basic_altar, lemuel_flame_loot_1, uniq_maurice
D:9:      layout_grid_maze, nicolae_overflow_crystal_walls
D:10:     layout_loops_corners, basic_altar, lightli_fourway_metalbox
D:11:     layout_basic, kennysheep_orc_monster_closet_entryway, minivault_19,
          evilmike_minifort, uniq_fannar
D:12:     layout_irregular_city, gauntlet_entry_generic,
          kennysheep_generic_room_9
D:13:     layout_gridville, david_vaults_3
D:14:     layout_long_grid, lemuel_blue_sif_altar
D:15:     hangedman_depths_entry_try_elsewhere_first, layout_stronghold,
          serial_undead, serial_undead_d, serial_undead_e, serial_undead_e,
          serial_undead_d, minmay_misc_feat_roman, minmay_splitting_lines,
          nicolae_blasting_shop, grunt_dithmenos_smoke, uniq_kirke, uniq_agnes,
          uniq_josephine
Temple:   minmay_freezing_vapour_temple
Lair:1:   layout_loops_ring, serial_bayou, serial_bayou_lagoon_a,
          serial_bayou_shore_b, serial_bayou_pond_d, serial_bayou_shore_b,
          serial_bayou_pond_c, serial_bayou_pond_c, serial_bayou_pond_b,
          grunt_megastairs_2
Lair:2:   layout_hall_layers, elwin_shoals_entry_stream, portal_ice_cave_rime,
          nzn_sisyphean_effort
Lair:3:   layout_cave_pods
Lair:4:   mu_elephants_graveyard, layout_small_grid,
          guppyfry_snake_entry_island, pf_torpor_hydra
Lair:5:   layout_roguey, gammafunk_ghost_abyssal_escape, lemuel_fruit_fields,
          uniq_rupert
Lair:6:   cheibrodos_lair_end_hotspot, layout_cave_pods, slime_altar_1
Shoals:1: layout_shoals
Shoals:2: cheibrodos_shoals_satyrical_garden, layout_shoals, serial_shops,
          nicolae_shop_window_shopping, nicolae_shop_stone, shop, uniq_ilsuiw
Shoals:3: cheibrodos_shoals_baths, layout_shoals, centaur_isle
Shoals:4: shoals_end_simple, layout_shoals, shoals_ilsuiw_alternative,
          serial_shops, nicolae_shop_crystal, ebering_ghost_reflecting_pool
Snake:1:  layout_gridlike
Snake:2:  layout_basic, minmay_shop_grove, uniq_roxanne
Snake:3:  layout_cave_pods, chequers_hall_statues_corner_a, serial_bayou_shore_a
Snake:4:  snake_pit, layout_grid_shapes, grunt_megastairs_4
Slime:1:  layout_caves, cheibrodos_slime_lost_civilization_6
Slime:2:  layout_caves
Slime:3:  layout_caves
Slime:4:  layout_caves, dissolution_awaits
Slime:5
Orc:1:    layout_caves, serial_shops, shop_fountains, bloody_trog, uniq_jorgrun
Orc:2:    grunt_orc_community_town_hall, layout_caves,
          grunt_orc_community_big_house_2, grunt_orc_community_big_house_2,
          grunt_orc_community_house_2, grunt_orc_community_house_2,
          grunt_orc_community_house_1, grunt_orc_community_house_1,
          nicolae_orc_rockfall
Elf:1:    kennysheep_blocky_room, layout_geoelf_grid, minmay_elf_sorcery,
          amcnicky_mini_corridor_feature, nicolae_rare_books, uniq_aizul
Elf:2:    layout_gridlike, basic_altar, uniq_azrael
Elf:3:    minmay_elf_hall_circle, layout_geoelf_castle, uniq_louise
Vaults:1: v_misc_13, ontoclasm_vaults_chip, grunt_vaults_hallway_short,
          v_rooms_6, vaults_room_grunt_arrival_ludios, v_alt_pattern_5,
          layout_vaults_omnigrid
Vaults:2: nicolae_vaults_little_squares_6, hangedman_vaults_cutoff,
          hangedman_vaults_capsules, nicolae_vaults_circle_grid_a, v_misc_12,
          minmay_crypt_entry_necro_gods, v_rooms_4,
          nicolae_vaults_little_squares_1, v_rooms_2, dpeg_vaults_monster_box,
          ontoclasm_vaults_ligature, layout_vaults_omnibox
Vaults:3: v_alt_pattern_3, vaults_dpeg_spiral, nicolae_vaults_circle_grid_b,
          v_misc_9, nicolae_vaults_big_angled_halls, ontoclasm_vaults_pinch,
          hangedman_vaults_snaps, grunt_vaults_focal, vaults_dpeg_ring,
          vaults_room_pools, hangedman_vaults_trim, nicolae_vaults_little_ls,
          hangedman_vaults_trim, layout_vaults_omnicross, serial_shops,
          bzr_in_the_mist
Vaults:4: v_misc_12, st_cells, vaults_standard_mumra_lines,
          ontoclasm_vaults_ring_small, layout_vaults_big_room
Crypt:1:  layout_basic, small_statue_intersection, uniq_saint_roka, uniq_margery
Crypt:2:  layout_gridlike, item_on_display_a
Crypt:3:  evilmike_haunted_forest
Depths:1: minmay_the_grid_octo_tiled_octocenter_mashed
          [minmay_the_grid_octo_odd_swirl, minmay_the_grid_octo_clover_2,
          minmay_the_grid_octo_toaster, minmay_the_grid_octo_checkerflower,
          minmay_the_grid_octo_prize_square_snowflake,
          minmay_the_grid_square_5x5_half_checkered,
          minmay_the_grid_square_5x5_checkered,
          minmay_the_grid_square_5x5_almost_minimal,
          minmay_the_grid_square_5x5_spiral], layout_twisted_cross,
          serial_shops, shop, hangedman_coc_ice_floe, minmay_misc_feat_hallway,
          minmay_door_square, nicolae_elemental_shop, corexii_corridor_pit,
          glass_columns_a, drop_trap, abandoned_shop, kennysheep_generic_room_10
Depths:2: minmay_skeleton_keep, layout_basic, serial_co_window_serial,
          co_window_paths_a, co_window_paths_b, co_window_corner_a,
          co_window_paths_b, co_window_paths_a, co_window_paths_a,
          co_window_corner_a, co_window_unsneaky_path_a, co_window_corner_b,
          co_window_of_opportunity_b, co_window_unsneaky_path_b,
          co_window_of_opportunity_b, co_window_4corner_a, glass_columns_a,
          glass_columns_a, hell_entry, minmay_misc_feat_iff,
          abyss_entry_crystal, grunt_ministairs_3
Depths:3: kennysheep_funnel, layout_honeycomb, nicolae_twisting_strands,
          hell_entry, rand_demon_pan_entry_8, columned_hall_lemuel,
          uniq_bai_suzhen
Depths:4: minmay_nested_s, layout_cave_pools,
          nicolae_abyss_entry_one_way_or_another, hangedman_tar_grid_catacomb,
          corexii_hall_statues_x, kennysheep_another_room,
          minmay_misc_feat_encased, infiniplex_staircase_zigzag_1,
          uniq_enchantress, uniq_sojobo
Depths:5: evilmike_zot_entry_diamond, layout_honeycomb, enter_ziggurat_c,
          solitary_fountain, pan_entry, serial_shops, nicolae_shop_trees,
          hellmouth_1, nicolae_transmutations_shop, grunt_ministairs_12,
          kennysheep_crisscross
Zot:1:    layout_onion_interference, gammafunk_ghost_abyssal_escape
Zot:2:    gammafunk_dig_for_victory, layout_onion_interference,
          gammafunk_ghost_crypt, st_large_dragon_hoard_1
Zot:3:    layout_twisted_circle
Zot:4:    layout_misc_corridors, grunt_ministairs_2, hangedman_zot_spectrum

Skill      XL: |  1  2  3  4  5  6  7  8  9 10 11 12 13 14 15 16 17 18 19 20 21 22 23 24 25 26 27 |
---------------+----------------------------------------------------------------------------------+-----
Fighting       | 3 4 5 6 8 9 11 12 13 14 15 16 17 18 20 21 22 23 24 25 26 27 | 27.0
Stealth        | 3 |  3.0
Dodging        | 3 5 6 7 8 10 11 12 13 14 16 | 16.1
Armour         | 2 3 4 5 6 7 9 11 12 13 14 16 | 16.1
Maces & Flails | 2 4 7 9 11 12 13 14 15 16 17 18 | 18.3
Shields        | 3 5 8 10 11 12 10 6 |  6.1
Necromancy     | 2 3 5 6 7 9 |  9.1
Spellcasting   | 6 8 9 10 11 | 11.8
Air Magic      | 2 3 4 |  4.1
Summonings     | 2 4 6 8 12 15 16 18 | 18.1
Ice Magic      | 2 4 |  4.1
Hexes          | 1 4 |  4.1
Translocations | 1 2 |  2.5
Evocations     | 1 6 |  6.9
Earth Magic    | 2 6 7 9 |  9.1
Short Blades   | |  1.7
Throwing       | |  2.0

Action                   |  1- 3 |  4- 6 |  7- 9 | 10-12 | 13-15 | 16-18 | 19-21 | 22-24 | 25-27 || total
-------------------------+-------+-------+-------+-------+-------+-------+-------+-------+-------++-------
Melee: Dagger            |   122 |   239 |   229 |       |       |       |       |       |       ||   590
       Quarterstaff      |       |       |    53 |       |       |       |       |       |       ||    53
       Giant spiked club |       |       |    31 |       |       |       |       |       |  1059 ||  1090
       Morningstar       |       |       |    27 |   495 |  1292 |  1652 |  1787 |  1855 |   687 ||  7795
Throw: Dart              |     5 |       |       |       |       |       |       |       |       ||     5
 Cast: Animate Dead      |       |       |       |       |       |     2 |     2 |     7 |     4 ||    15
       Summon Lightning  |       |       |       |       |       |       |    11 |    40 |     5 ||    56
       Summon Mana Viper |       |       |       |       |       |       |     9 |   119 |   188 ||   316
       Frozen Ramparts   |       |       |       |       |       |       |     1 |    30 |    13 ||    44
       Borgnjor's Vile C |       |       |       |       |       |       |       |    18 |    52 ||    70
       Monstrous Menager |       |       |       |       |       |       |       |     3 |    72 ||    75
Invok: Curse Item        |       |     2 |     2 |     1 |     3 |     3 |     2 |       |     3 ||    16
       Scrying           |       |       |       |     1 |     1 |       |       |       |     2 ||     4
       Transfer Knowledg |       |       |       |       |       |       |       |       |     2 ||     2
Evoke: Wand              |       |       |       |     1 |     5 |    30 |     7 |     1 |     3 ||    47
       Lightning rod     |       |       |       |       |       |       |       |       |     1 ||     1
  Use: Scroll            |     1 |    10 |     3 |     7 |     5 |     9 |    13 |    10 |    17 ||    75
       Potion            |       |       |       |     1 |     1 |     1 |     2 |     6 |     1 ||    12
 Stab: Sleeping          |     4 |    16 |     8 |    12 |     9 |     8 |     4 |       |       ||    61
       Paralysed         |       |       |     1 |       |       |       |       |       |       ||     1
       Distracted        |       |       |       |     3 |     3 |     3 |     2 |    13 |    21 ||    45
Armor: Robe              |    44 |    48 |    72 |    82 |   131 |    97 |    44 |       |       ||   518
       Troll leather arm |       |       |       |       |    46 |    56 |    13 |       |       ||   115
       Fire dragon scale |       |       |       |       |       |       |   157 |   501 |   694 ||  1352
Dodge: Dodged            |    56 |    56 |   131 |   254 |   333 |   462 |   536 |   786 |  1225 ||  3839
Block: Other             |       |    44 |    89 |       |       |       |       |       |       ||   133
       Reflection        |       |     1 |     1 |       |       |       |       |       |       ||     2
       Kite shield       |       |       |       |   183 |    10 |       |       |       |       ||   193
       Tower shield      |       |       |       |       |  1046 |  1558 |  1565 |  1951 |   739 ||  6859
